 Dungeon Sprint DCSS version 0.26.1-11-gd32895ea62 (webtiles) character file.

Game seed: 11951493539531723816

1081 Dadi the Basher (level 8, 0/90 HPs)
             Began as a Minotaur Berserker on July 28, 2021.
             Was a Follower of Okawaru.
             Slain by a centaur warrior (3 damage)
             ... in the Dungeon (Sprint I: "Red Sonja").
             The game lasted 00:01:44 (524 turns).

Dadi the Basher (Minotaur Berserker)                 Turns: 524, Time: 00:01:44

Health: 0/90       AC:  6    Str: 24    XL:     8   Next: 8%
Magic:  5/7        EV: 14    Int:  4    God:    Okawaru [*.....]
Gold:   166        SH:  0    Dex: 10    Spells: 7/7 levels left

rFire    . . .     SeeInvis .   a - +0 mace
rCold    . . .     Faith    .   (no shield)
rNeg     . . .     Spirit   .   j - +0 ring mail
rPois    .         Reflect  .   (helmet restricted)
rElec    .         Harm     .   (no cloak)
rCorr    .         Rampage  .   (no gloves)
Will     .....     NoTele   +   (no boots)
Stlth    ++........             (no amulet)
HPRegen  0.25/turn              (no ring)
MPRegen  0.10/turn              (no ring)

@: heroism
A: retaliatory headbutt, horns 2
a: Renounce Religion, Heroism


You were in the Dungeon.
You worshipped Okawaru.
Okawaru was aware of your devotion.
You visited 1 branch You collected 166 gold pieces.


Innate Abilities, Weirdness & Mutations

You reflexively headbutt those who attack you in melee.
You have a pair of horns on your head.


   Skills:
 + Level 14.6(19.6) Fighting
 + Level 14.6(19.6) Maces & Flails
 - Level 2.4(7.4) Armour
 - Level 2.1(7.1) Dodging


You had 7 spell levels left.
You didn't know any spells.
Your spell library was empty.

Inventory:

Hand Weapons
 a - a +0 mace (weapon)
Armour
 b - a +0 animal skin
 j - a +0 ring mail (worn)
   (You took it off Ijyb in the Dungeon)
Wands
 i - a wand of flame (16)
   (You took it off Ijyb in the Dungeon)
 k - a wand of random effects (16)
   (You found it in the Dungeon)
Scrolls
 h - a scroll of blinking {!r}
Potions
 c - a potion of curing {@q1}
 d - a potion of heal wounds {@q2}
 e - a potion of haste {@q3}
 f - 2 potions of magic
 g - a potion of berserk rage {!q}

Dungeon Overview and Level Annotations

Branches:
Dungeon (1/1)

Altars:
Cheibriados
Dithmenos
Elyvilon
Fedhas
Gozag
Hepliaklqana
Kikubaaqudgha
Nemelex Xobeh
Okawaru
Qazlal
Ru
Sif Muna
Trog
Uskayaw
Vehumet
Wu Jian
Yredelemnul
Zin
The Shining One

Shops:
D

: ################
#<.#..)..#..'..#
#..'†.#..').#..+
#..#####'#####'# ##
#..####..# #(####§§#
#..#__#### ##.#§§≈§.#
#..#_____##+#_)@c§§§
#⌠⌠#_.∩...†..._#≈§§.§
####_..__##_.#+##+# #
#_____###+# #######


You could see a centaur warrior.


Message History

Found an opulent altar of Gozag.
There is an open door, spattered with blood here.
You see here a yak corpse. 😮 HP[+1]
Found a sparkling altar of Nemelex Xobeh.
You start resting.
You feel yourself speed up.
You recover from your berserk rage. 😎 HP[+29]
Your hp is fully restored (71).
There is an entrance to Irghiecwo's Book Emporium here.
There is an iron altar of Okawaru here.
You kneel at the altar of Okawaru.
You have lost your religion!
Trog does not appreciate desertion!
Okawaru welcomes you!
There is an entrance to Irghiecwo's Book Emporium here.
There is an open door, spattered with blood here.
You see here a yak corpse.
Okay, then.
There is an ornate altar of the Wu Jian Council here.
As you open the door, it creaks loudly! What are your orders? t - Shout!
Orders for allies: a - Attack new target. r - Retreat! s - Stop attacking. g - Guard the area. f - Follow me.
Anything else - Cancel.
You shout for attention!
A centaur warrior comes into view.
The centaur warrior moves out of view.
The centaur warrior wields a +0 longbow.
The centaur warrior shoots an arrow.
The arrow barely misses you.
A centaur warrior comes into view.
The centaur warrior hits you! 😕 HP[-11]
You take 11 damage, and now have 60/71 hp.
You closely miss the centaur warrior. You headbutt the centaur warrior!
The centaur warrior hits you! 😮 HP[-8]
You take 8 damage, and now have 52/71 hp.
You sock the centaur warrior! The centaur warrior hits you.
The centaur warrior unwields a +0 longbow.
The centaur warrior hits you but does no damage.
The centaur warrior closely misses you. You furiously retaliate!
You headbutt the centaur warrior.
There is an open door, spattered with blood here. 😮 HP[-4]
You take 4 damage, and now have 48/71 hp.
You barely miss the centaur warrior. The centaur warrior hits you!
* * * LOW HITPOINT WARNING * * *
The centaur warrior hits you.
* * * LOW HITPOINT WARNING * * *
The centaur warrior hits you!
* * * LOW HITPOINT WARNING * * *
😨 HP[-24]
You take 24 damage, and now have 24/71 hp.
MASSIVE DAMAGE!! (PAUSE)
You sock the centaur warrior!
You headbutt the centaur warrior, but do no damage.
The centaur warrior misses you. You furiously retaliate!
You headbutt the centaur warrior!
The centaur warrior hits you but does no damage.
You bludgeon the centaur warrior!!
You kill the centaur warrior!
Okawaru is honoured by your kill.
You can now gain great but temporary skills.
The centaur warrior closely misses you.
Your Fighting skill gained 2 levels and is now at level 14!
Your Maces & Flails skill gained 2 levels and is now at level 14!
You have reached level 7!
You have reached level 8!
You feel agile. 😨 HP[+7] MP[+2]
You now have 90 max hp (+19).
You regained 7 hp, and now have 31/90 hp.
Your mp is fully restored (7).
You gain the combat prowess of a mighty hero.
The centaur warrior hits you!
* * * LOW HITPOINT WARNING * * *
😱 HP[-9] MP[-2]
You take 9 damage, and now have 22/90 hp.
You lost 2 mp, and now have 5/7 mp.
You sock the centaur warrior!
Your headbutt misses the centaur warrior.
The centaur warrior hits you!
* * * LOW HITPOINT WARNING * * *
😱 HP[-6]
You take 6 damage, and now have 16/90 hp.
You hit the centaur warrior. You headbutt the centaur warrior!
The centaur warrior hits you but does no damage.
You thump the centaur warrior! You headbutt the centaur warrior!
The centaur warrior misses you.
You hit the centaur warrior. The centaur warrior hits you!
* * * LOW HITPOINT WARNING * * *
😱 HP[-13]
You take 13 damage, and now have 3/90 hp.
You hit the centaur warrior. The centaur warrior hits you.
You die...

Skill      XL: |  1  2  3  4  5  6 |
---------------+-------------------+-----
Fighting       | 5 8 11 14 | 14.6
Maces & Flails | 6 8 11 14 | 14.6
Armour         | |  2.4
Dodging        | |  2.1

Action                   |  1- 3 |  4- 6 |  7- 9 || total
-------------------------+-------+-------+-------++-------
Melee: Mace              |     7 |    15 |     5 ||    27
       Headbutt          |     4 |     6 |     2 ||    12
Invok: Berserk           |     2 |     2 |       ||     4
       Heroism           |       |       |     1 ||     1
Armor: Animal skin       |     1 |       |       ||     1
       Ring mail         |       |     2 |     1 ||     3
Dodge: Dodged            |       |     7 |     1 ||     8

Levels and vault maps discovered:
D:        dungeon_sprint_1 [red_sonja_temple_1, red_sonja_temple_small_1]

Notes
Turn   | Place    | Note
-------+----------+-------------------------------------------
     0 | D        | Dadi the Minotaur Berserker began the quest for the Orb.
     0 | D        | Reached XP level 1. HP: 19/19 MP: 0/0
     0 | D        | magus.rc [v1.10.3.2021-6-05.01:30:15PM]
     1 | D        | Noticed Ijyb
     6 | D        | Killed Ijyb
     7 | D        | Reached skill level 5 in Fighting
     7 | D        | Reached skill level 6 in Maces & Flails
     7 | D        | Reached XP level 2. HP: 30/30 MP: 1/1
    75 | D        | Noticed an ogre
    80 | D        | Killed an ogre
    81 | D        | Reached skill level 8 in Fighting
    81 | D        | Reached skill level 8 in Maces & Flails
    81 | D        | Reached XP level 3. HP: 40/41 MP: 2/2
    81 | D        | Reached XP level 4. HP: 48/49 MP: 3/3
   280 | D        | Noticed Sigmund
   285 | D        | Killed Sigmund
   285 | D        | Reached ** piety under Trog
   286 | D        | Reached skill level 11 in Fighting
   286 | D        | Reached skill level 11 in Maces & Flails
   286 | D        | Reached XP level 5. HP: 60/60 MP: 0/4
   286 | D        | Reached XP level 6. HP: 68/68 MP: 0/5
   338 | D        | Found an ornate altar of the Wu Jian Council.
   338 | D        | Found a shimmering blue altar of Sif Muna.
   340 | D        | Found a radiant altar of Vehumet.
   356 | D        | Found Irghiecwo's Book Emporium.
   356 | D        | Found an ancient bone altar of Kikubaaqudgha.
   356 | D        | Found a hazy altar of Hepliaklqana.
   356 | D        | Found a stormy altar of Qazlal.
   356 | D        | Found a hide-covered altar of Uskayaw.
   356 | D        | Found a blossoming altar of Fedhas.
   356 | D        | Found a bloodstained altar of Trog.
   356 | D        | Found an iron altar of Okawaru.
   356 | D        | Found a basalt altar of Yredelemnul.
   356 | D        | Found a glowing golden altar of the Shining One.
   356 | D        | Found a snail-covered altar of Cheibriados.
   356 | D        | Found a sacrificial altar of Ru.
   356 | D        | Found a glowing silver altar of Zin.
   356 | D        | Found a shadowy altar of Dithmenos.
   356 | D        | Found a white marble altar of Elyvilon.
   356 | D        | Noticed a yak
   362 | D        | Killed a yak
   363 | D        | Reached skill level 12 in Fighting
   363 | D        | Reached skill level 12 in Maces & Flails
   363 | D        | Found an opulent altar of Gozag.
   364 | D        | Found a sparkling altar of Nemelex Xobeh.
   496 | D        | Fell from the grace of Trog
   496 | D        | Became a worshipper of Warmaster Okawaru
   510 | D        | Noticed a centaur warrior
   511 | D        | Noticed a centaur warrior
   518 | D        | Killed a centaur warrior
   518 | D        | Reached * piety under Okawaru
   519 | D        | Reached skill level 14 in Fighting
   519 | D        | Reached skill level 14 in Maces & Flails
   519 | D        | Reached XP level 7. HP: 28/82 MP: 6/6
   519 | D        | Reached XP level 8. HP: 31/90 MP: 7/7
   519 | D        | HP: 22/90 [centaur warrior (9)]
   523 | D        | HP: 3/90 [centaur warrior (13)]
   524 | D        | Slain by a centaur warrior

Vanquished Creatures
  A centaur warrior (D)
  Sigmund (D)
  A yak (D)
  An ogre (D)
  A jelly (D)
  Ijyb (D)
6 creatures vanquished.

Table legend:
 A = Non-vault XP
 B = Vault XP
 C = Vault XP percentage of total XP
 D = Non-vault monster count
 E = Vault monster count
 F = Vault count percentage of total count
                 A         B        C        D         E       F
            +---------+---------+-------+---------+---------+-------
      Total |       0 |    1545 | 100.0 |       0 |       6 | 100.0
            +---------+---------+-------+---------+---------+-------
          D |       0 |    1545 | 100.0 |       0 |       6 | 100.0
            +---------+---------+-------+---------+---------+-------

Illustrated notes

Table legend:
 A = Kills in this place as a percentage of kills in entire the game.
 B = Kills by you in this place as a percentage of kills by you in the entire game.
 C = Kills by friends in this place as a percentage of kills by friends in the entire game.
 D = Other kills in this place as a percentage of other kills in the entire game.
 E = Experience gained in this place as a percentage of experience gained in the entire game.
 F = Experience gained in this place divided by the number of levels of this place that you have seen.
                   A       B       C       D       E      F
               +-------+-------+-------+-------+-------+----------------------
         Total | 100.0 | 100.0 |   N/A |   N/A | 100.0 | 1545.0
       Dungeon | 100.0 | 100.0 |   N/A |   N/A | 100.0 | 1545.0
               +-------+-------+-------+-------+-------+----------------------

Table legend: (Time is in decaauts)
 A = Elapsed time spent in this place.
 B = Non-inter-level travel time spent in this place.
 C = Inter-level travel time spent in this place.
 D = Time resting spent in this place.
 E = Time spent auto-exploring this place.
 F = Levels seen in this place.
 G = Mean time per level.
                   A        B        C        D        E       F      G
               +--------+--------+--------+--------+--------+-----+--------+
         Total |    566 |    566 |      0 |    464 |      0 |   1 |  566.0 |
       Dungeon |    566 |    566 |      0 |    464 |      0 |   1 |  566.0 |
               +--------+--------+--------+--------+--------+-----+--------+

Top non-repeatable levels by time:
       D: 566 daAuts
